 Dungeon Crawl Stone Soup version 0.18.1-50-g88ac8fd (webtiles) character file.

187 Chiseanne the Sneak (level 5, -2/26 HPs)
             Began as a Spriggan Assassin on Mar 28, 2017.
             Slain by a gnoll
             ... wielding a +0 spear
              (9 damage)
             ... on level 3 of the Dungeon.
             The game lasted 00:05:37 (2409 turns).

Chiseanne the Sneak (Spriggan Assassin)             Turns: 2409, Time: 00:05:38

Health: -2/26      AC:  3    Str:  7    XL:     5   Next: 39%
Magic:  6/6        EV: 20    Int: 13    God:
Gold:   81         SH:  0    Dex: 18    Spells: 0 memorised, 4 levels left

rFire  . . .     SeeInvis +     a - +3 short sword (speed)
rCold  . . .     Gourm    .     c - +0 robe
rNeg   . . .     Faith    .     (shield restricted)
rPois  .         Spirit   .     (helmet restricted)
rElec  .         Dismiss  .     d - +0 cloak
rCorr  .         Reflect  .     (gloves unavailable)
SustAt .         Harm     .     (boots unavailable)
MR     .....                    (no amulet)
Stlth  ++++......               (no ring)
                                (no ring)

@: very quick, not resistant to hostile enchantments, stealthy
A: unfitting armour, see invisible, herbivore 3, speed 3, slow metabolism 2
a: no special abilities


You were on level 3 of the Dungeon.
You were not hungry.

You visited 1 branch of the dungeon, and saw 3 of its levels.

You collected 81 gold pieces.

Inventory:

Hand Weapons
 a - a +3 short sword of speed (weapon)
 w - a +0 blowgun
Missiles
 e - 4 poisoned needles
 h - 78 stones (quivered)
 j - 24 bolts
 m - 52 arrows
 o - 31 sling bullets
Armour
 c - a +0 robe (worn)
 d - a +0 cloak (worn)
Jewellery
 r - an uncursed amulet of faith
Scrolls
 f - 2 scrolls of fog
 l - 4 scrolls of recharging
 s - a scroll of remove curse
 u - a scroll of amnesia
Potions
 k - a potion of might
 n - a potion of berserk rage
 p - a potion of lignification {unknown}
 q - 2 potions of curing
Comestibles
 g - 3 bread rations


   Skills:
 + Level 2.1 Fighting
 - Level 2.1 Short Blades
 * Level 3.3 Throwing
 * Level 4.1 Dodging
 * Level 7.7 Stealth


You had 4 spell levels left.
You didn't know any spells.

Dungeon Overview and Level Annotations

Branches:
Dungeon (3/15)

Altars:
Okawaru
Pakellas


Innate Abilities, Weirdness & Mutations

You are tiny and cannot use many weapons and most armour.
You have supernaturally acute eyesight.
You are a herbivore.
You cover ground extremely quickly.
You need consume almost no food.


Message History

The kobold is severely wounded.
The gnoll barely misses you.
You barely miss the kobold.
The kobold is severely wounded.
The kobold hits you with a dagger. The gnoll barely misses you.
You hit the kobold.
You kill the kobold!
You barely miss the orc.
The orc is moderately wounded.
The gnoll hits you from afar with a spear.
You hit the orc.
The orc is severely wounded.
The orc completely misses you. The gnoll completely misses you.
You puncture the orc!
You kill the orc!
The gnoll hits you with a spear.
* * * LOW HITPOINT WARNING * * *
Items here: ( ))))) ††††† You closely miss the gnoll.
The gnoll hits you with a spear!
You die...

.##.#. ########.#....
..#.K.......#
#.#.##.....# #.#.##....[+
#.#.##.....#
############.#.##.....##.
#...............@........
#.##########[#.##g#.####.
#.###### #.#.##.# ..
....%..## #.#.##.# ..#
#.####..# #.#.##.# .#
..#####.####.#.##.# #
................#.#
###......####...#.#
#.......# ...# #


You could see a gnoll.

Vanquished Creatures
  A jelly (D:3)
  Natasha (twice) (D:2)
  3 gnolls (D:3)
  An adder (D:2)
  An ooze (D:2)
  A worm (D:2)
  2 dart slugs (D:1)
  A giant gecko (D:3)
  4 orcs (D:3)
  A giant cockroach (D:1)
  8 goblins
  6 hobgoblins
  4 jackals
  6 bats
  5 giant newts
  11 kobolds
  3 rats
60 creatures vanquished.

Notes
Turn   | Place    | Note
--------------------------------------------------------------
     0 | D:1      | Chiseanne the Spriggan Assassin began the quest for the Orb.
     0 | D:1      | Reached XP level 1. HP: 10/10 MP: 2/2
    27 | D:1      | Reached skill level 6 in Stealth
   518 | D:1      | Reached XP level 2. HP: 14/14 MP: 3/3
   805 | D:1      | Reached XP level 3. HP: 16/18 MP: 4/4
  1241 | D:2      | Noticed Natasha
  1271 | D:2      | Killed Natasha
  1271 | D:2      | Reached skill level 7 in Stealth
  1271 | D:2      | Reached XP level 4. HP: 21/23 MP: 5/5
  1764 | D:2      | Noticed Natasha
  1773 | D:2      | Killed Natasha
  1955 | D:3      | Reached XP level 5. HP: 18/26 MP: 6/6
  2114 | D:3      | Found an iron altar of Okawaru.
  2186 | D:3      | Found an oddly glowing altar of Pakellas.
  2409 | D:3      | Slain by a gnoll

Skill      XL: |  1  2  3  4  5 |
---------------+----------------+-----
Stealth        | 6 7 |  7.7
Dodging        | 2 3 4 |  4.1
Fighting       | 2 |  2.1
Throwing       | 3 |  3.3
Short Blades   | |  2.1

Action                   |  1- 3 |  4- 6 || total
-------------------------+-------+-------++-------
Melee: Dagger            |    94 |       ||    94
       Short sword       |    34 |    73 ||   107
 Fire: Blowgun           |     4 |    13 ||    17
Throw: Stone             |     1 |     3 ||     4
  Use: Scroll            |     4 |    10 ||    14
 Stab: Sleeping          |    13 |     5 ||    18
Armor: Robe              |     9 |     2 ||    11
Dodge: Dodged            |    78 |    44 ||   122
